 Dungeon Crawl Stone Soup version 0.22-a0-181-gb22368a (webtiles) character file.

35 vishdafish the Charmwright (level 3, 0/40 HPs)
             Began as a Demonspawn Skald on Feb 15, 2018.
             Succumbed to an adder's poison
             ... on level 2 of the Dungeon.
             The game lasted 00:01:52 (789 turns).

vishdafish the Charmwright (Demonspawn Skald)        Turns: 789, Time: 00:01:53

Health: 0/40       AC: 21    Str: 11    XL:     3   Next: 17%
Magic:  14/15      EV:  2    Int: 15    God:
Gold:   14         SH:  0    Dex: 12    Spells: 5/6 levels left

rFire    + . .     SeeInvis .   a - +0 falchion
rCold    + . .     Gourm    .   (no shield)
rNeg     + + +     Faith    .   (armour currently unavailable)
rPois    +         Spirit   .   (helmet currently unavailable)
rElec    +         Reflect  .   (cloak currently unavailable)
rCorr    +         Harm     .   (gloves currently unavailable)
MR       .....     NoTele   +   (boots currently unavailable)
Stlth    ++........             (no amulet)
HPRegen  0.13/turn              i - ring of magical power
MPRegen  0.14/turn              o - ring of positive energy

@: lethally poisoned (0 -> -3), tree-form, resistant, berserk cooldown, slowed,
very slow
A: demonic guardian 1, nightstalker 1, evolution 1
a: no special abilities


You were on level 2 of the Dungeon.
You were not hungry.
You were a tree.
You visited 1 branch of the dungeon, and saw 2 of its levels.

You collected 14 gold pieces.

Inventory:

Hand Weapons
 a - a +0 falchion (weapon)
Armour
 b - a +0 leather armour (melded)
Jewellery
 i - a ring of magical power (left branch)
 o - a ring of positive energy (right branch)
Scrolls
 e - a scroll of amnesia
 f - 2 scrolls of identify
 l - a scroll of immolation {unknown}
 m - a scroll of enchant weapon {unknown}
Potions
 h - a potion of berserk rage
 n - a potion of lignification
Books
 c - a book of Battle

   Spells                             Type                      Level
   a - Infusion                       Charms                       1
   b - Shroud of Golubria             Charms/Translocation         2
   c - Song of Slaying                Charms                       2
   d - Spectral Weapon                Hexes/Charms                 3
   e - Regeneration                   Charms/Necromancy            3
Comestibles
 d - 2 rations


   Skills:
 + Level 2.2 Fighting
 * Level 2.4 Long Blades
 + Level 1.2 Armour
 + Level 2.0 Dodging
 + Level 2.1 Spellcasting
 + Level 2.9 Charms


You had 5 spell levels left.
You knew the following spells:

 Your Spells              Type           Power        Failure   Level  Hunger
a - Infusion              Chrm           ##..         7%          1    #......


Dungeon Overview and Level Annotations

Branches:
Dungeon (2/15)

Altars:


Innate Abilities, Weirdness & Mutations

A weak demonic guardian rushes to your aid.
You are slightly more attuned to the shadows.
((Your flesh is heat resistant. (rF+)))
You evolve.


Message History

You feel sick.
It was a potion of resistance.
You feel protected.
* * * LOW HITPOINT WARNING * * *
You feel sick.
It was a potion of mutation.
You feel extremely strange.
You feel resistant to heat.
You feel nature experimenting on you.
Don't worry, failures die fast.
Nature stops experimenting on you.
You feel nature experimenting on you.
Don't worry, failures die fast.
* * * LOW HITPOINT WARNING * * *
You feel sick.
Okay, then.
As you read the scroll labeled KOUTSE VUNU, it crumbles to dust.
It is a scroll of identify.
e - a scroll of amnesia You are no longer magically infusing your attacks.
As you read the scroll labeled CEIGHO VASOI, it crumbles to dust.
The scroll dissolves into smoke.
It was a scroll of fog.
You die...

....).........
...............
#..............
..#...#.......
#.#...........
..
#.#.#.#.......
#.###.§§§...#
#....§§♣#.#.#
#....<§§#.#.#
#.#####.#.#.#
#.#.#.# #.#.#.#
..#.... ##. . #


There were no monsters in sight!

Vanquished Creatures
  An adder (D:2)
  3 bats (D:1)
  3 giant cockroaches (D:1)
  3 hobgoblins (D:1)
  4 jackals (D:1)
  A ball python (D:1)
  2 frilled lizards (D:1)
  A goblin (D:1)
  4 kobolds (D:1)
  2 rats (D:1)
24 creatures vanquished.

Notes
Turn   | Place    | Note
-------+----------+-------------------------------------------
     0 | D:1      | vishdafish the Demonspawn Skald began the quest for the Orb.
     0 | D:1      | Reached XP level 1. HP: 16/16 MP: 3/3
     8 | D:1      | Reached skill level 1 in Armour
   259 | D:1      | Gained mutation: You are slightly more attuned to the shadows. [demonic ancestry]
   259 | D:1      | Reached XP level 2. HP: 21/22 MP: 5/5
   779 | D:2      | Gained mutation: A weak demonic guardian rushes to your aid. [demonic ancestry]
   779 | D:2      | Reached XP level 3. HP: 6/27 MP: 6/6
   785 | D:2      | HP: 2/40 [poisoned by an adder]
   787 | D:2      | Gained mutation: Your flesh is heat resistant. (rF+) [potion of mutation]
   787 | D:2      | Gained mutation: You evolve. [potion of mutation]
   787 | D:2      | Lost mutation: You evolve. [potion of mutation]
   787 | D:2      | Gained mutation: You evolve. [potion of mutation]
   789 | D:2      | Succumbed to an adder's poison

Vault maps used:
D:1:      dpeg_arrival_simpleton_b
D:2:      chequers_ecumenical_altar_island, minmay_stone_trees_small

Skill      XL: |  1  2 |
---------------+-------+-----
Armour         | 1 |  1.2
Long Blades    | 2 |  2.4
Dodging        | 2 |  2.0
Fighting       | |  2.2
Spellcasting   | |  2.1
Charms         | |  2.9

Action                   || total
-------------------------++-------
Melee: Falchion          ||    86
 Cast: Infusion          ||     2
  Use: Potion            ||     4
       Scroll            ||     2
 Stab: Sleeping          ||     4
Armor: Leather armour    ||    30
Dodge: Dodged            ||    68
       Rpst.: Falchion   ||    20

Table legend:
 A = Spawn XP
 B = Non-spawn XP
 C = Spawn XP percentage of total XP
 D = Spawn monster count
 E = Non-spawn monster count
 F = Spawn count percentage of total count
 G = Total turns spent on level
                    A         B        C        D         E        F      G
               +---------+---------+-------+---------+---------+-------+---------
         Total |       0 |      51 |   0.0 |       0 |      24 |   0.0 |   789
               +---------+---------+-------+---------+---------+-------+---------
           D:1 |       0 |      38 |   0.0 |       0 |      23 |   0.0 |   759
           D:2 |       0 |      13 |   0.0 |       0 |       1 |   0.0 |    30
               +---------+---------+-------+---------+---------+-------+---------
